 Dungeon Crawl Stone Soup version 0.30-a0-140-gd1020e658a (webtiles) character file.

Game seed: 6122856677612189990

263 KennySheep the Sneak (level 6, -3/49 HPs)
             Began as a Naga Earth Elementalist on Sept 25, 2022.
             Killed by divine providence
             ... invoked by an orc priest
              (7 damage)
             ... on level 2 of the Dungeon.
             The game lasted 00:07:10 (2023 turns).

KennySheep the Sneak (Naga Earth Elementalist)      Turns: 2023, Time: 00:07:11

Health: -3/49      AC:  3    Str: 11    XL:     6   Next: 19%
Magic:  0/10       EV: 10    Int: 17    God:
Gold:   118        SH:  0    Dex: 11    Spells: 5/11 levels left

rFire   . . .      SeeInvis +    k - +2 dagger (vamp)
rCold   . . .      Faith    .    (no shield)
rNeg    . . .      Spirit   .    a - +0 robe
rPois   +          Reflect  .    (no helmet)
rElec   .          Harm     .    (no cloak)
rCorr   .          Rampage  .    (no gloves)
Will    .....                    (no barding)
Stlth   +++.......               (no amulet)
HPRegen 0.16/turn                (no ring)
MPRegen 0.12/turn                (no ring)

@: very slightly contaminated, hasted, quick
A: AC +2, large, see invisible, deformed body, poison resistance, slowness 2,
spit poison 1, naga tail 1
a: Spit Poison


You were on level 2 of the Dungeon.
You visited 1 branch of the dungeon, and saw 2 of its levels.

You collected 118 gold pieces.

Inventory:

Hand Weapons
 d - a +0 club
 k - a +2 vampiric dagger (weapon)
Armour
 a - a +0 robe (worn)
Wands
 i - a wand of quicksilver (3)
Scrolls
 g - 3 scrolls of summoning {unknown}
 l - a scroll of vulnerability {unknown}
Potions
 c - 3 potions of flight {unknown}
 e - a potion of curing {unknown}
 f - a potion of haste
 h - a potion of invisibility {unknown}
 j - 3 potions of attraction {unknown}


   Skills:
 + Level 2.6 Dodging
 + Level 5.0 Stealth
 + Level 3.0 Spellcasting
 * Level 0.5 Conjurations
 - Level 1.0 Transmutations
 * Level 4.8 Earth Magic


You had 5 spell levels left.
You knew the following spells:

 Your Spells              Type           Power      Damage    Failure   Level
a - Sandblast             Erth           36%        2d10      2%          1
b - Stone Arrow           Conj/Erth      22%        3d8       17%         3
z - Passwall              Tmut/Erth      10%        N/A       8%          2

Your spell library contained the following spells:

 Spells                   Type           Power      Damage    Failure   Level
 Summon Small Mammal      Summ           8%         N/A       17%         1
 Call Canine Familiar     Summ           2%         N/A       45%         3
 Summon Guardian Golem    Hex/Summ       2%         N/A       45%         3
 Petrify                  Tmut/Erth      12%        N/A       45%         4


Dungeon Overview and Level Annotations

Branches:
Dungeon (2/15)

Altars:


Innate Abilities, Weirdness & Mutations

Your serpentine skin is tough. (AC +2)
You have supernaturally acute eyesight. (SInv)
Armour fits poorly on your strangely shaped body.
Your system is resistant to poisons. (rPois)
You cover ground very slowly.
You can spit poison.
You have a snake-like lower body.


Message History

You kill the orc!
The orc priest hits you but does no damage.
Casting: Stone Arrow (dangerous; 17% risk of failure)
Confirm with . or Enter, or press ? or * to list all spells.
Aiming: Stone Arrow (dangerous; 17% risk of failure)
Press: ? - help, Shift-Dir - straight line, f/p - orc priest
Aim: an orc priest, wielding a +0 short sword and wearing a +2 leather armour of cold resistance (severely wounded, 68% to hit)
You miscast Stone Arrow.
You are very lightly contaminated with residual magic.
Sand pours from your hands.
The orc priest hits you with a +0 short sword.
* * * LOW HITPOINT WARNING * * *
Casting: Stone Arrow (dangerous; 17% risk of failure)
Confirm with . or Enter, or press ? or * to list all spells.
You don't have enough magic to cast this spell.
Unknown command.
Casting: Stone Arrow (dangerous; 17% risk of failure)
Confirm with . or Enter, or press ? or * to list all spells.
Aiming: Sandblast (safe; 2% risk of failure)
Press: ? - help, Shift-Dir - straight line, f/p - orc priest
Aim: an orc priest, wielding a +0 short sword and wearing a +2 leather armour of cold resistance (severely wounded, 82% to hit)
The blast of sand hits the orc priest.
The orc priest is severely wounded.
The orc priest hits you with a +0 short sword.
* * * LOW HITPOINT WARNING * * *
The orc priest hits you with a +0 short sword.
* * * LOW HITPOINT WARNING * * *
Casting: Sandblast (safe; 2% risk of failure)
Confirm with . or Enter, or press ? or * to list all spells.
Aiming: Sandblast (safe; 2% risk of failure)
Press: ? - help, Shift-Dir - straight line, f/p - orc priest
Aim: an orc priest, wielding a +0 short sword and wearing a +2 leather armour of cold resistance (severely wounded, 82% to hit)
The blast of sand hits the orc priest.
The orc priest is almost dead.
The orc priest hits you with a +0 short sword.
* * * LOW HITPOINT WARNING * * *
You feel yourself speed up.
The orc priest mumbles some strange prayers to Beogh against you.
Beogh smites you!
You die...

#..#..<......###
#.......8......#
##.#......8..###
#......8....#
#...##...8..#
#.#....8....#
##.#.##...8..#
#############..#....8....#
#.....##.oo@...#......8..#
#.###.##.#####.###..8....#
#.# #.#.. ####........8.##
#.###.#.# #.........8...#
#.#...#o# #.#######...#.#
### #.#.##.o#
#.#......<..#.# ..#
#.#.##.####.#.####.##.#.#
..# #.#...........#
#....#.#
..####.###..######.#
#.####.#


You could see an orc priest and an orc.

Vanquished Creatures
  Sigmund (D:2)
  Jessica (D:2)
  An orc wizard (D:2)
  An adder (D:2)
  3 worms
  2 orcs (D:2)
  3 bats
  4 endoplasms
  A giant cockroach (D:1)
  2 hobgoblins
  2 jackals (D:2)
  2 quokkas (D:1)
  2 ball pythons
  6 frilled lizards
  6 goblins
  3 kobolds
  3 rats
43 creatures vanquished.

Vanquished Creatures (others)
  3 plants (D:1)
3 creatures vanquished.

Grand Total: 46 creatures vanquished

Notes
Turn   | Place    | Note
-------+----------+-------------------------------------------
     0 | D:1      | KennySheep the Naga Earth Elementalist began the quest for
                  | the Orb.
     0 | D:1      | Reached XP level 1. HP: 15/15 MP: 3/3
   180 | D:1      | Reached XP level 2. HP: 22/22 MP: 3/5
   183 | D:1      | Learned a level 2 spell: Passwall
   944 | D:1      | Reached XP level 3. HP: 28/28 MP: 4/6
  1308 | D:2      | Noticed Jessica
  1312 | D:2      | Killed Jessica
  1313 | D:2      | Reached XP level 4. HP: 18/36 MP: 4/7
  1533 | D:2      | Reached skill level 4 in Stealth
  1561 | D:2      | Noticed Sigmund
  1580 | D:2      | Killed Sigmund
  1581 | D:2      | Reached XP level 5. HP: 4/42 MP: 0/9
  1581 | D:2      | Reached XP level 6. HP: 4/49 MP: 0/10
  1913 | D:2      | Learned a level 3 spell: Stone Arrow
  1988 | D:2      | Reached skill level 5 in Stealth
  2023 | D:2      | Killed from afar by an orc priest

Illustrated notes

Levels and vault maps discovered:
D:1:      minmay_arrival_checkered_box, layout_basic, serial_bayou_ford_a,
          nicolae_wormholes
D:2:      layout_basic, minmay_misc_feat_pillars, uniq_jessica, uniq_sigmund

Skill      XL: |  1  2  3  4  5  6 |
---------------+-------------------+-----
Dodging        | 2 |  2.6
Stealth        | 4 5 |  5.0
Spellcasting   | 3 |  3.0
Earth Magic    | 4 |  4.8
Conjurations   | |  0.5
Transmutations | |  1.0

Action                   |  1- 3 |  4- 6 || total
-------------------------+-------+-------++-------
Melee: Club              |       |     7 ||     7
       Dagger            |       |     3 ||     3
 Cast: Sandblast         |    37 |    34 ||    71
       Stone Arrow       |       |     2 ||     2
 Abil: Spit Poison       |       |     1 ||     1
Evoke: Wand              |       |     3 ||     3
  Use: Potion            |       |     2 ||     2
Armor: Robe              |       |     9 ||     9
Dodge: Dodged            |     1 |    26 ||    27

Table legend: (Time is in decaauts)
 A = Elapsed time spent in this place.
 B = Non-inter-level travel time spent in this place.
 C = Inter-level travel time spent in this place.
 D = Time resting spent in this place.
 E = Time spent auto-exploring this place.
 F = Levels seen in this place.
 G = Mean time per level.
                   A        B        C        D        E       F      G
               +--------+--------+--------+--------+--------+-----+--------+
         Total |   2497 |   2451 |     46 |    376 |   1745 |   2 | 1248.5 |
       Dungeon |   2497 |   2451 |     46 |    376 |   1745 |   2 | 1248.5 |
               +--------+--------+--------+--------+--------+-----+--------+

Top non-repeatable levels by time:
     D:1: 1431 daAuts
     D:2: 1065 daAuts
